 Dungeon Crawl Stone Soup version 0.18-a0-1628-g61c6396 (webtiles) character file.

1288 Empheia the Covered (level 8, -4/62 HPs)
             Began as a Demonspawn Berserker on Mar 25, 2016.
             Was an Elder of Trog.
             Slain by a killer bee (5 damage)
             ... on level 5 of the Dungeon.
             The game lasted 00:27:11 (3873 turns).

Empheia the Covered (Demonspawn Berserker)          Turns: 3873, Time: 00:27:13

Health: -4/62      AC: 24    Str: 18    XL:     8   Next: 30%
Magic:  8/8        EV:  7    Int:  8    God:    Trog [****..]
Gold:   180        SH:  0    Dex: 14    Spells: 0 memorised, 7 levels left

rFire  . . .     SeeInvis .     A - +0 mace
rCold  + . .     Gourm    .     n - +0 plate armour
rNeg   . . .     Faith    .     (no shield)
rPois  .         Spirit   .     e - +1 hat
rElec  .         Dismiss  .     F - +0 cloak
rCorr  .         Reflect  .     i - +2 pair of gloves
SustAt .         Harm     .     d - +1 pair of boots
MR     .....                    J - amulet of regeneration
Stlth  ..........               C - ring of flight
                                h - ring of protection from cold

@: lethally poisoned (-4 -> -9), exhausted, about to teleport, not resistant to
hostile enchantments, extremely unstealthy
A: rough black scales 1, nightstalker 1, powered by death 1
a: Berserk, Trog's Hand, Brothers in Arms, Burn Spellbooks, Renounce Religion,
Evoke Flight


You were on level 5 of the Dungeon.
You worshipped Trog.
Trog was greatly pleased with you.
You were not hungry.

You visited 1 branch of the dungeon, and saw 5 of its levels.

You collected 180 gold pieces.

Inventory:

Hand Weapons
 a - a +0 hand axe
 A - a +0 mace (weapon)
 I - a +0 long sword
 O - a +2 flail of holy wrath
Missiles
 N - 5 tomahawks (quivered)
Armour
 d - a +1 pair of boots (worn)
 e - a +1 hat (worn)
 f - a +0 leather armour
 i - a +2 pair of gloves (worn)
 k - a +0 ring mail
 n - a +0 plate armour (worn)
 F - a +0 cloak (worn)
Jewellery
 h - a ring of protection from cold (left hand)
 C - a ring of flight (right hand)
 J - an amulet of regeneration (around neck)
Scrolls
 l - a scroll of blinking {unknown}
 p - a scroll of immolation {unknown}
 q - a scroll of magic mapping {unknown}
 r - a scroll of random uselessness {unknown}
 s - a scroll of enchant weapon {unknown}
 t - a scroll of noise {unknown}
 x - a scroll of enchant armour
 y - 2 scrolls of identify
 G - a scroll of remove curse {unknown}
 K - a scroll of fear
Potions
 m - a potion of lignification {unknown}
 o - a potion of ambrosia {unknown}
 u - a potion of heal wounds
 z - 4 potions of flight
 H - a potion of brilliance {unknown}
 L - a potion of berserk rage {unknown}
Comestibles
 b - 7 fruits
 c - 4 bread rations
 g - 2 beef jerkies
 j - a royal jelly
 w - 3 chunks of flesh
 M - a meat ration


   Skills:
 + Level 5.0 Fighting
 - Level 3.9(4.7) Axes
 * Level 3.8(4.6) Maces & Flails
 * Level 5.5 Armour
 + Level 4.2 Dodging
 + Level 1.0 Stealth


You had 7 spell levels left.
You didn't know any spells.

Dungeon Overview and Level Annotations

Branches:
Dungeon (5/15)
 Temple: D:4-7

Altars:
Fedhas
Nemelex Xobeh
Okawaru
Pakellas
Qazlal
Ru
Sif Muna
Trog
Vehumet
Zin


Innate Abilities, Weirdness & Mutations

You are partially covered in rough black scales (AC +4, Dex -1).
You are slightly more attuned to the shadows.
You regenerate a little health from kills.


Message History

The killer bee closely misses you. The killer bee barely misses you.
The killer bee stings you but does no damage.
The killer bee barely misses you.
The killer bee stings you but does no damage. x2
The killer bee stings you.
* * * LOW HITPOINT WARNING * * *
You hit the killer bee but do no damage.
The killer bee is moderately wounded.
* * * LOW HITPOINT WARNING * * *
You feel sick.
The killer bee stings you but does no damage.
The killer bee closely misses you.
The killer bee stings you but does no damage. x3
The killer bee stings you.
* * * LOW HITPOINT WARNING * * *
The killer bee stings you but does no damage.
The killer bee barely misses you. x2
The killer bee stings you but does no damage.
The killer bee stings you.
You die...

#.......# #...)...# .
#......######### ..
#......##......##...
#......##...........
#......##...........
#.......#...........
#.......#yy....##...
#.......'@yy...#
#........yy....... ..
#.....(#.......... ...
#......#.###########...
#......#..#.......#..#
#.......'..#.._..#...# ..
#.......)...#...#....##..
#......##....#.#.........
#......####'..#.........


You could see 6 killer bees.

Vanquished Creatures
  Pikel (D:5)
  Eustachio (D:5)
  Edmund (D:5)
  2 crimson imps
  2 hounds (D:4)
  An orc wizard (D:4)
  Crazy Yiuf (D:3)
  An iguana (D:4)
  Ijyb (D:3)
  Natasha (thrice) (D:3)
  A worker ant (D:4)
  4 gnolls (D:3)
  11 adders
  An ooze (D:3)
  5 worms
  2 dart slugs (D:1)
  3 giant geckos
  6 orcs
  4 giant cockroaches
  9 hobgoblins
  20 jackals
  A quokka (D:5)
  A ball python (D:2)
  10 bats
  3 giant newts
  8 goblins
  7 kobolds
  7 rats
117 creatures vanquished.

Vanquished Creatures (others)
  A slave (D:5)
1 creature vanquished.

Grand Total: 118 creatures vanquished

Notes
Turn   | Place    | Note
--------------------------------------------------------------
     0 | D:1      | Empheia the Demonspawn Berserker began the quest for the Orb.
     0 | D:1      | Reached XP level 1. HP: 18/18 MP: 1/1
    32 | D:1      | Gained mutation: You are partially covered in rough black scales (AC +4, Dex -1). [demonic ancestry]
    32 | D:1      | Reached XP level 2. HP: 9/24 MP: 2/2
   560 | D:1      | Reached XP level 3. HP: 26/29 MP: 3/3
   571 | D:1      | Reached ** piety under Trog
  1088 | D:2      | Reached XP level 4. HP: 31/37 MP: 4/4
  1196 | D:2      | Found a sacrificial altar of Ru.
  1196 | D:2      | Found a stormy altar of Qazlal.
  1196 | D:2      | Found an oddly glowing altar of Pakellas.
  1229 | D:2      | Found a deep blue altar of Sif Muna.
  1229 | D:2      | Found a sparkling altar of Nemelex Xobeh.
  1229 | D:2      | Found a radiant altar of Vehumet.
  1230 | D:2      | Found a blossoming altar of Fedhas.
  1238 | D:2      | Found an iron altar of Okawaru.
  1612 | D:2      | Found a bloodstained altar of Trog.
  1691 | D:3      | Noticed Natasha
  1700 | D:3      | Killed Natasha
  1700 | D:3      | Reached XP level 5. HP: 35/42 MP: 5/5
  1735 | D:3      | Reached *** piety under Trog
  1745 | D:3      | Noticed Natasha
  1763 | D:3      | Killed Natasha
  1799 | D:3      | Noticed Ijyb
  1828 | D:3      | Killed Ijyb
  1852 | D:3      | Noticed Natasha
  1864 | D:3      | Killed Natasha
  2003 | D:3      | Gained mutation: You regenerate a little health from kills. [demonic ancestry]
  2003 | D:3      | Reached XP level 6. HP: 21/48 MP: 6/6
  2530 | D:3      | Noticed Crazy Yiuf
  2543 | D:3      | Killed Crazy Yiuf
  2543 | D:3      | Reached skill level 1 in Maces & Flails
  2762 | D:3      | Reached **** piety under Trog
  3242 | D:4      | Reached XP level 7. HP: 45/54 MP: 7/7
  3499 | D:4      | Found a glowing silver altar of Zin.
  3613 | D:5      | Entered Level 5 of the Dungeon
  3613 | D:5      | Noticed Edmund
  3650 | D:5      | Killed Edmund
  3727 | D:5      | Found an oddly glowing altar of Pakellas.
  3735 | D:5      | Noticed Pikel
  3761 | D:5      | Killed Pikel
  3761 | D:5      | Reached skill level 5 in Armour
  3761 | D:5      | Gained mutation: You are slightly more attuned to the shadows. [demonic ancestry]
  3761 | D:5      | Reached XP level 8. HP: 18/61 MP: 8/8
  3789 | D:5      | Noticed Eustachio
  3835 | D:5      | Killed Eustachio
  3835 | D:5      | Reached skill level 5 in Fighting
  3835 | D:5      | Reached skill level 1 in Stealth
  3873 | D:5      | HP: 1/62 [killer bee (5)]
  3873 | D:5      | Slain by a killer bee

Vault maps used:
D:1:      tarquinn_simple_flora_water_c
D:2:      grunt_temple_overflow_open, okawaru_gym_becter, lemuel_round_altar,
          minmay_surrounded
D:3:      uniq_iyjb, uniq_crazy_yiuf_cottage, uniq_natasha
D:4:      zin_scriptorium, serial_curves, eino_curves_04, eino_curves_04,
          hangedman_decor_growths, kennysheep_decorative_pillar,
          bh_walls_and_bars
D:5:      gammafunk_temple_overflow_elements, temple_hall, first_bread,
          kennysheep_nondescript, grunt_pakellas_basics, uniq_eustachio,
          uniq_pikel, uniq_edmund

Skill      XL: |  1  2  3  4  5  6  7  8 |
---------------+-------------------------+-----
Dodging        | 2 3 4 |  4.2
Axes           | 3 |  3.9
Armour         | 2 3 5 |  5.5
Fighting       | 4 5 |  5.0
Maces & Flails | 2 3 |  3.8
Stealth        | 1 |  1.0

Action                   |  1- 3 |  4- 6 |  7- 9 || total
-------------------------+-------+-------+-------++-------
Melee: Hand axe          |   137 |   169 |       ||   306
       Mace              |       |   239 |   141 ||   380
Invok: Berserk           |     1 |     1 |     2 ||     4
  Use: Scroll            |       |     2 |     3 ||     5
  Eat: Chunk             |     1 |    10 |     5 ||    16
